 Dungeon Crawl Stone Soup version 0.31-a0-455-g1a7b003ef0 (webtiles) character file.

Game seed: 16677802802702048871

1120 Newt the Skirmisher (level 8, -4/48 HPs)
             Began as a Kobold Hexslinger on Aug 3, 2023.
             Slain by a two-headed ogre
             ... wielding a +0 giant spiked club
              (30 damage)
             ... on level 5 of the Dungeon.
             The game lasted 00:04:48 (5318 turns).

Newt the Skirmisher (Kobold Hexslinger)             Turns: 5318, Time: 00:04:49

Health: -4/48      AC: 13    Str:  5    XL:     8   Next: 60%
Magic:  1/9        EV: 17    Int: 14    God:
Gold:   317        SH:  0    Dex: 20    Spells: 8/9 levels left

rFire   . . .        a - +2 sling
rCold   . . .        (no shield)
rNeg    . . .        c - +0 robe
rPois   .            (no helmet)
rElec   .            n - +0 cloak
rCorr   .            (no gloves)
SInv    .            f - +1 pair of boots
Will    .....        (no amulet)
Stlth   +++          r - +4 ring of protection
HPRegen 0.28/turn    i - +4 ring of protection
MPRegen 0.11/turn

%: no passive effects
@: very slightly contaminated
A: small, no large weapons, nightstalker 3
a: no special abilities


You were on level 5 of the Dungeon.
You visited 1 branch of the dungeon, and saw 5 of its levels.

You collected 317 gold pieces.

Inventory:

Hand Weapons
 a - a +2 sling (weapon)
Missiles
 m - 2 throwing nets
Armour
 c - a +0 robe (worn)
 f - a +1 pair of boots (worn)
 n - a +0 cloak (worn)
Jewellery
 d - a ring of resist corrosion
 e - a ring of positive energy
 i - a +4 ring of protection (right hand)
 r - a +4 ring of protection (left hand)
 s - a ring of fire
 u - a ring of fire
Talismans
 k - a beast talisman
Scrolls
 b - 2 scrolls of poison
 o - a scroll of amnesia
 p - 2 scrolls of identify
 q - a scroll of brand weapon {unknown}
Potions
 g - 2 potions of heal wounds
 h - 3 potions of curing
 j - 2 potions of ambrosia {unknown}
 l - 2 potions of might
 t - a potion of enlightenment {unknown}


   Skills:
 - Level 4.0 Fighting
 - Level 10.0 Ranged Weapons
 - Level 5.0 Dodging
 - Level 1.1 Spellcasting
 - Level 3.0 Hexes
 + Level 2.5 Shapeshifting


You had 8 spell levels left.
You knew the following spells:

 Your Spells              Type           Power      Damage    Failure   Level
a - Slow                  Hex            36%        N/A       8%          1

Your spell library contained the following spells:

 Spells                   Type           Power      Damage    Failure   Level
 Sublimation of Blood     Necr           0%         N/A       36%         2
 Wereblood                Tmut           0%         N/A       36%         2
 Inner Flame              Hex/Fire       4%         N/A       38%         3
 Portal Projectile        Hex/Tloc       8%         N/A       38%         3
 Cause Fear               Hex            4%         N/A       58%         4
 Summon Hydra             Summ           0%         N/A       100%        7


Dungeon Overview and Level Annotations

Branches:
Dungeon (6/15)
 Temple: D:4-7

Altars:

Annotations:
D:3 1 runed translucent door, MrMonkeyMan's ghost, amateur DrRe


Innate Abilities, Weirdness & Mutations

You are small and have problems with some larger weapons.
You are completely attuned to the shadows.


Message History

Aiming: Slow (safe; 8% risk of failure)
Press: ? - help, Q - select action, (/) - cycle Shift-Dir - straight line, f/p - two-headed ogre
Aim: a two-headed ogre, wielding two +0 giant spiked clubs (heavily wounded, chance to affect: 26%)
You miscast Slow.
You are very lightly contaminated with residual magic.
Nothing appears to happen.
Unknown command.
Unknown command.
Aiming: Slow (safe; 8% risk of failure)
Press: ? - help, Q - select action, (/) - cycle Shift-Dir - straight line, f/p - two-headed ogre
Aim: a two-headed ogre, wielding two +0 giant spiked clubs (heavily wounded, chance to affect: 26%)
You miscast Slow.
Nothing appears to happen.
The two-headed ogre hits you with a +0 giant spiked club!!
The two-headed ogre closely misses you.
Unknown command.
Aiming: Slow (safe; 8% risk of failure)
Press: ? - help, Q - select action, (/) - cycle Shift-Dir - straight line, f/p - two-headed ogre
Aim: a two-headed ogre, wielding two +0 giant spiked clubs (heavily wounded, chance to affect: 26%)
The two-headed ogre easily resists.
The two-headed ogre barely misses you. The two-headed ogre misses you.
Unknown command.
Unknown command.
Aiming: Slow (safe; 8% risk of failure)
Press: ? - help, Q - select action, (/) - cycle Shift-Dir - straight line, f/p - two-headed ogre
Aim: a two-headed ogre, wielding two +0 giant spiked clubs (heavily wounded, chance to affect: 26%)
The two-headed ogre easily resists.
Unknown command.
Unknown command.
Aiming: Slow (safe; 8% risk of failure)
Press: ? - help, Q - select action, (/) - cycle Shift-Dir - straight line, f/p - two-headed ogre
Aim: a two-headed ogre, wielding two +0 giant spiked clubs (heavily wounded, chance to affect: 26%)
The two-headed ogre easily resists.
The two-headed ogre misses you. The two-headed ogre barely misses you.
Aiming: Slow (safe; 8% risk of failure)
Press: ? - help, Q - select action, (/) - cycle Shift-Dir - straight line, f/p - two-headed ogre
Aim: a two-headed ogre, wielding two +0 giant spiked clubs (heavily wounded, chance to affect: 26%)
The two-headed ogre easily resists.
The two-headed ogre hits you with a +0 giant spiked club!!
Ouch! That really hurt!
You die...

#..............#........#
##.........#####........#
##........### #........##
##....##...###.........#
#########...##.......## #
##...........# ##
##..W.##...## .#
####O#####.# .# ##..#@.#
### .# ##......# ##
##.......# # #........##
## ##.........## .#
#...........# .#
#...........# ##
#######..#### ####


You could see a two-headed ogre and a phantom.

Vanquished Creatures
  A water moccasin (D:6)
  2 black bears (D:5)
  An ogre (D:6)
  A phantom (D:6)
  2 bullfrogs (D:6)
  A scorpion (D:5)
  2 hounds
  A jelly (D:6)
  An orc priest (D:6)
  A gnoll bouda (D:3)
  A sleepcap (D:5)
  An iguana (D:5)
  3 orc wizards (D:6)
  6 gnolls (D:3)
  5 adders
  An ufetubus (D:6)
  A worm (D:2)
  A dart slug (D:1)
  13 orcs
  7 bats
  9 endoplasms
  6 giant cockroaches
  5 goblins
  6 hobgoblins
  A jackal (D:5)
  6 quokkas
  9 ball pythons
  2 frilled lizards
  8 kobolds
  4 rats
108 creatures vanquished.

Notes
Turn   | Place    | Note
-------+----------+-------------------------------------------
     0 | D:1      | Newt the Kobold Hexslinger began the quest for the Orb.
     0 | D:1      | Reached XP level 1. HP: 12/12 MP: 2/2
    74 | D:1      | Reached XP level 2. HP: 17/17 MP: 3/3
   208 | D:1      | Reached XP level 3. HP: 23/23 MP: 4/4
  1055 | D:2      | Reached XP level 4. HP: 29/29 MP: 5/5
  1167 | D:2      | Reached skill level 3 in Ranged Weapons
  1488 | D:2      | Identified the +2 ring mail "Tuotaj" {rF+}
  1587 | D:2      | Reached skill level 4 in Ranged Weapons
  1665 | D:3      | Reached XP level 5. HP: 25/33 MP: 6/6
  2229 | D:3      | Reached skill level 5 in Ranged Weapons
  2239 | D:3      | Reached XP level 6. HP: 16/38 MP: 7/7
  2344 | D:3      | Reached skill level 6 in Ranged Weapons
  2650 | D:3      | Found a runed translucent door.
  2651 | D:3      | Noticed MrMonkeyMan's ghost (amateur DrRe)
  2789 | D:3      | You fall into a shaft and drop 3 floors!
  2821 | D:6      | Noticed a water moccasin
  2902 | D:6      | Killed a water moccasin
  2903 | D:6      | Reached skill level 7 in Ranged Weapons
  3277 | D:6      | Reached XP level 7. HP: 35/43 MP: 8/8
  3305 | D:6      | Reached skill level 8 in Ranged Weapons
  3632 | D:6      | Reached skill level 9 in Ranged Weapons
  3775 | D:6      | Reached skill level 10 in Ranged Weapons
  3775 | D:6      | Reached XP level 8. HP: 48/48 MP: 9/9
  4453 | D:5      | Entered Level 5 of the Dungeon
  4904 | D:5      | Reached skill level 5 in Dodging
  5224 | D:5      | Reached skill level 1 in Shapeshifting
  5274 | D:5      | Noticed a two-headed ogre
  5318 | D:5      | Slain by a two-headed ogre

Illustrated notes

Levels and vault maps discovered:
D:1:      psy_arrival_basics, layout_basic, minmay_domino_4
D:2:      layout_rooms
D:3:      layout_loops_corners, gammafunk_ghost_grave
D:5:      layout_cave_pods, minmay_fractal_squares_gapless_5
D:6:      layout_basic

Skill      XL: |  1  2  3  4  5  6  7  8 |
---------------+-------------------------+-----
Fighting       | 2 3 4 |  4.0
Ranged Weapons | 4 5 7 10 | 10.0
Dodging        | 5 |  5.0
Shapeshifting  | 2 |  2.5
Spellcasting   | |  1.1
Hexes          | |  3.0

Action                     |  1- 3 |  4- 6 |  7- 9 || total
---------------------------+-------+-------+-------++-------
   Fire: Sling             |    77 |   143 |   152 ||   372
   Cast: Slow              |     2 |     9 |    15 ||    26
    Use: Scroll            |     5 |     1 |       ||     6
         Potion            |       |     3 |     1 ||     4
 Armour: Robe              |     7 |    18 |    45 ||    70
  Dodge: Dodged            |    23 |    63 |    83 ||   169

Table legend: (Time is in decaauts)
 A = Elapsed time spent in this place.
 B = Non-inter-level travel time spent in this place.
 C = Inter-level travel time spent in this place.
 D = Time resting spent in this place.
 E = Time spent auto-exploring this place.
 F = Levels seen in this place.
 G = Mean time per level.
                   A        B        C        D        E       F      G
               +--------+--------+--------+--------+--------+-----+--------+
         Total |   5333 |   5255 |     78 |    877 |   3676 |   5 | 1066.6 |
       Dungeon |   5333 |   5255 |     78 |    877 |   3676 |   5 | 1066.6 |
               +--------+--------+--------+--------+--------+-----+--------+

Top non-repeatable levels by time:
     D:6: 1649 daAuts
     D:3: 1160 daAuts
     D:1: 997 daAuts
     D:5: 856 daAuts
     D:2: 669 daAuts
